 Dungeon Crawl Stone Soup version 0.29.1-1-gd02db6906a (webtiles) character file.

Game seed: 13413450352166758985

1213 phtz the Cleaver (level 8, -2/96 HPs)
             Began as a Minotaur Berserker on Sept 21, 2022.
             Was a Priest of Trog.
             Succumbed to an orc wizard's poison
             ... on level 5 of the Dungeon.
             The game lasted 00:21:30 (5274 turns).

phtz the Cleaver (Minotaur Berserker)               Turns: 5274, Time: 00:21:30

Health: -2/96      AC: 24    Str: 25    XL:     8   Next: 22%
Magic:  1/7        EV:  2    Int:  4    God:    Trog [***...]
Gold:   295        SH:  0    Dex:  9    Spells: 7/7 levels left

rFire   . . .      SeeInvis .   a - +0 hand axe
rCold   . . .      Faith    .   (no shield)
rNeg    . . .      Spirit   +   (body armour currently unavailable)
rPois   +          Reflect  .   (helmet currently unavailable)
rElec   .          Harm     .   (cloak currently unavailable)
rCorr   .          Rampage  .   (gloves currently unavailable)
Will    .....      NoTele   +   (boots currently unavailable)
Stlth   +.........              f - amulet of guardian spirit
HPRegen 0.26/turn               (no ring)
MPRegen 0.10/turn               (no ring)

@: lethally poisoned (-2 -> -12), tree-form, on berserk cooldown, attractive,
slowed, very slow
A: stationary, stasis, torment immunity, boosted hp, (horns 2), (retaliatory
headbutt)
a: Renounce Religion, Berserk, Trog's Hand


You were on level 5 of the Dungeon.
You worshipped Trog.
Trog was most pleased with you.
You were a tree.
You visited 1 branch of the dungeon, and saw 5 of its levels.

You collected 295 gold pieces.

Inventory:

Hand Weapons
 a - a +0 hand axe (weapon)
 m - a +0 vampiric scythe
Armour
 b - a +0 animal skin
 d - a +0 chain mail (melded)
 q - a +0 cloak (melded)
Jewellery
 f - an amulet of guardian spirit (around neck)
Wands
 r - a wand of digging (4)
 x - a wand of flame (12)
 y - a wand of charming (8)
Scrolls
 e - 4 scrolls of identify {unknown}
 g - 2 scrolls of fog {unknown}
 h - 3 scrolls of immolation {unknown}
 i - a scroll of brand weapon {unknown}
 k - 2 scrolls of teleportation {unknown}
 l - a scroll of poison {unknown}
 p - a scroll of magic mapping {unknown}
 s - a scroll of enchant weapon {unknown}
 z - a scroll of fear {unknown}
Potions
 j - a potion of degeneration {unknown}
 n - a potion of berserk rage
 u - a potion of mutation {unknown}
 v - a potion of haste {unknown}
 w - a potion of brilliance {unknown}


   Skills:
 - Level 3.6 Fighting
 + Level 12.2 Axes
 - Level 2.4 Armour
 - Level 2.1 Dodging


You had 7 spell levels left.
You didn't know any spells.
Your spell library contained the following spells:

 Spells                   Type           Power      Damage    Failure   Level
 Fireball                 Conj/Fire      0%         3d3       100%        5
 Starburst                Conj/Fire      0%         6d3       100%        6
 Ignition                 Fire           0%         3d3       100%        8


Dungeon Overview and Level Annotations

Branches:
Dungeon (5/15)
 Temple: D:4-7

Altars:
Dithmenos
Okawaru
Sif Muna
Uskayaw


Innate Abilities, Weirdness & Mutations

You are a tree.
Your roots penetrate the ground, keeping you stationary.
You cannot be teleported.
You are immune to unholy pain and torment.
Your maximum health is greatly increased.
Your equipment is partially melded.
((You have a pair of horns on your head.))
((You reflexively headbutt those who attack you in melee.))


Message History

You cannot move.
You cannot move.
You cannot move.
You cannot move.
You cannot move.
You cannot move.
You cannot move.
You cannot move.
You cannot move.
You cannot move.
You are too berserk!
You cannot move.
You cannot move.
You cannot move.
You cannot move.
You cannot move.
You cannot move.
You cannot move.
You cannot move.
You cannot move.
You cannot move.
You cannot move.
You cannot move.
You cannot move.
You cannot move.
You cannot move.
You cannot move.
You cannot move.
You cannot move.
You are no longer berserk.
You are exhausted.
You feel yourself slow down.
You hear some strange, mumbled words.
A puff of flame appears from out of thin air!
The puff of flame misses you. Something hits you.
* * * LOW HITPOINT WARNING * * *
You are lethally poisoned!
It was a potion of attraction.
You feel attractive to monsters.
You die...

#...# #.....
#...#####.....
#...#.##......
##....###.#..)
##....##.#... #####
###..#####.#
#...###.....##....
###....##.....†#....
#..♣)..........#.##.
#.#{##########...#..
.. #.. #...... ...
##.. #.#.... ##. #..
#..#.... # #..
##...... .88 #.....#
#.. #..>#.# #..##..


There were no monsters in sight!

Vanquished Creatures
  Pikel (D:4)
  Sigmund (D:3)
  An orc warrior (D:5)
  A scorpion (D:4)
  2 hounds
  2 orc priests (D:4)
  2 jellies
  Natasha (D:3)
  Terence (D:3)
  An orc wizard (D:3)
  4 adders
  A white imp (D:5)
  An ufetubus (D:3)
  7 dart slugs
  19 orcs
  8 ball pythons
  4 endoplasms
  3 giant cockroaches
  8 goblins
  3 hobgoblins
  5 jackals
  3 quokkas
  7 bats
  4 frilled lizards
  5 kobolds
  4 rats (D:1)
99 creatures vanquished.

Notes
Turn   | Place    | Note
-------+----------+-------------------------------------------
     0 | D:1      | phtz the Minotaur Berserker began the quest for the Orb.
     0 | D:1      | Reached XP level 1. HP: 19/19 MP: 0/0
   133 | D:1      | Reached skill level 4 in Axes
   365 | D:1      | Reached XP level 2. HP: 26/26 MP: 1/1
   601 | D:1      | Found a faded altar of an unknown god.
   764 | D:1      | Reached skill level 5 in Axes
  1181 | D:2      | Reached XP level 3. HP: 31/31 MP: 2/2
  1683 | D:2      | Reached ** piety under Trog
  2031 | D:3      | Noticed Sigmund
  2062 | D:3      | Killed Sigmund
  2063 | D:3      | Reached skill level 7 in Axes
  2063 | D:3      | Reached XP level 4. HP: 20/39 MP: 3/3
  2063 | D:3      | Reached XP level 5. HP: 23/45 MP: 4/4
  2410 | D:3      | Found a shimmering blue altar of Sif Muna.
  2594 | D:3      | Reached skill level 8 in Axes
  2597 | D:3      | Noticed Terence
  2617 | D:3      | Killed Terence
  2618 | D:3      | Reached XP level 6. HP: 29/51 MP: 5/5
  3013 | D:3      | Noticed Natasha
  3027 | D:3      | Killed Natasha
  3311 | D:3      | Found an iron altar of Okawaru.
  3607 | D:4      | Reached *** piety under Trog
  3630 | D:4      | Reached skill level 9 in Axes
  3682 | D:4      | Found a hide-covered altar of Uskayaw.
  3834 | D:4      | Noticed Pikel
  3869 | D:4      | Killed Pikel
  3870 | D:4      | Reached skill level 11 in Axes
  3870 | D:4      | Reached XP level 7. HP: 16/57 MP: 6/6
  4490 | D:4      | Found a shadowy altar of Dithmenos.
  4521 | D:4      | Reached XP level 8. HP: 39/64 MP: 1/7
  4847 | D:5      | Entered Level 5 of the Dungeon
  5224 | D:5      | Reached skill level 12 in Axes
  5264 | D:5      | HP: 1/96 [orc warrior/+2 war axe of holy wrath (15)]
  5273 | D:5      | HP: 2/96 [something (1)]
  5274 | D:5      | Succumbed to an orc wizard's poison

Illustrated notes

Levels and vault maps discovered:
D:1:      dpeg_arrival_three_smaller_balls, layout_basic,
          hellmonk_ecumenical_altar_zigzags, minmay_box_of_dots
D:2:      layout_loops_ring, grunt_ministairs_7
D:3:      layout_loops_ring, nicolae_overflow_hidden_temple,
          amcnicky_altar_gilded, st_stairs_11, uniq_sigmund, uniq_terence,
          uniq_natasha
D:4:      layout_basic, mainiacjoe_overflow_brackets, kennysheep_little_box,
          serial_glass, glass_columns_c, glass_columns_a, glass_columns_a,
          glass_columns_a, glass_columns_b, glass_columns_a, glass_columns_a,
          glass_columns_a, glass_columns_a, glass_columns_b, minmay_circle_x,
          uniq_pikel
D:5:      layout_cave_pools, minmay_temple_entry_statues_fountains,
          guppyfry_early_orc_mine

Skill      XL: |  1  2  3  4  5  6  7  8 |
---------------+-------------------------+-----
Axes           | 4 5 7 8 11 12 | 12.2
Fighting       | |  3.6
Armour         | |  2.4
Dodging        | |  2.1

Action                   |  1- 3 |  4- 6 |  7- 9 || total
-------------------------+-------+-------+-------++-------
Melee: Hand axe          |    74 |   147 |    75 ||   296
       Headbutt          |     8 |    25 |     5 ||    38
       Punch             |     1 |       |     1 ||     2
  Use: Potion            |     2 |     2 |     7 ||    11
Armor: Chain mail        |    51 |    61 |    18 ||   130
       Skin              |       |       |    12 ||    12
Dodge: Dodged            |    35 |    54 |    18 ||   107
